AoeStats
← sakshamkumar.1997

Arena

510434707Analyzed
1v1 RM · 2d ago on Oct 1, 2026· 41m 44s· 2 players
Game mode
Random Map
Map size
Tiny (2 player)
Population
200
Speed
Normal
Resources
Standard
Victory
Conquest
Starting age
Dark Age
Ending age
Imperial Age
RankedLock teamsTeams togetherTeam positionsShared explorationLock speedFull tech treeHidden civsTurbo modeCheats
Victory
Defeat
🇲🇽 Britons · Mexico
764
+16
🇺🇸 Celts · United States
760
-16
sakshamkumar.1997
6:07 Loom
10:00 Feudal Age
11:05 Double-Bit Axe
12:19 Wheelbarrow
12:54 Horse Collar
15:52 Town Watch
16:13 Fletching
23:04 Castle Age
24:21 Forging
24:12 Scale Mail Armor
24:26 Pikeman
25:11 Bodkin Arrow
25:51 Iron Casting
28:29 Bow Saw
28:51 Stone Mining
29:42 Heavy Plow
30:09 Elite Skirmisher
31:11 Husbandry
34:00 Ballistics
34:35 Hand Cart
34:24 Town Patrol
35:59 Stronghold
38:56 Gold Mining
43:13 Imperial Age
Leobiwankenobi
10:58 Feudal Age
9:40 Loom
12:46 Town Watch
16:17 Castle Age
14:49 Horse Collar
15:01 Double-Bit Axe
14:59 Horse Collar
19:26 Light Cavalry
25:34 Pikeman
25:38 Elite Skirmisher
30:54 Imperial Age
29:26 Town Patrol
30:06 Bow Saw
30:40 Fletching
31:22 Heavy Plow
36:42 Chemistry
35:38 Murder Holes
36:45 Ballistics
36:52 Bodkin Arrow
38:50 Two-Man Saw
40:12 Wheelbarrow
39:22 Onager
41:09 Bracer
Connection lost

Rejoining the realm…

Still unreachable

The connection could not be restored.

Session expired

The server has moved on; the page needs a fresh start.